 Dungeon Crawl Stone Soup version 0.19.1-1-g22dce08 (webtiles) character file.

504 galech the Ruffian (level 6, -6/61 HPs)
             Began as a Troll Monk on Jan 7, 2017.
             Mangled by an iguana (10 damage)
             ... on level 3 of the Dungeon.
             The game lasted 00:05:53 (2187 turns).

galech the Ruffian (Troll Monk)                     Turns: 2187, Time: 00:05:54

Health: -6/61      AC:  5    Str: 22    XL:     6   Next: 96%
Magic:  5/5        EV: 11    Int:  6    God:
Gold:   126        SH:  0    Dex: 12    Spells: 0 memorised, 5 levels left

rFire  + . .     SeeInvis .       - Unarmed
rCold  + . .     Gourm    +     a - +0 robe
rNeg   . . .     Faith    .     (no shield)
rPois  .         Spirit   .     (helmet restricted)
rElec  .         Reflect  .     (no cloak)
rCorr  .         Harm     .     (gloves unavailable)
MR     .....                    (boots unavailable)
Stlth  ++........               (no amulet)
                                i - ring of protection from cold
                                e - ring of protection from fire

@: no status effects
A: unfitting armour, claws 3, fast metabolism 3, gourmand, regeneration 1,
shaggy fur 1, tough skin 2
a: no special abilities


You were on level 3 of the Dungeon.
You were very full.

You visited 1 branch of the dungeon, and saw 4 of its levels.

You collected 126 gold pieces.

Inventory:

Armour
 a - a +0 robe (worn)
Jewellery
 e - a ring of protection from fire (left claw)
 i - a ring of protection from cold (right claw)
 r - an uncursed ring of fire {unknown}
Wands
 l - a wand of teleportation (5/9)
Scrolls
 c - 4 scrolls of identify {unknown}
 h - 2 scrolls of remove curse {unknown}
 j - a scroll of teleportation {unknown}
 m - a scroll of magic mapping {unknown}
 o - a scroll of recharging {unknown}
Potions
 d - a potion of heal wounds {unknown}
 k - 3 potions of lignification {unknown}
 s - 2 potions of curing {unknown}
 t - a potion of degeneration {unknown}
Books
 q - a book of Misfortune

   Spells                             Type                      Level
   a - Confusing Touch                Hexes                        1
   b - Confuse                        Hexes                        3
   c - Gell's Gravitas                Hexes/Translocation          3
   d - Petrify                        Transmutation/Earth          4
   e - Metabolic Englaciation         Hexes/Ice                    5
   f - Yara's Violent Unravelling     Hexes/Transmutation          5
Comestibles
 b - 4 bread rations
 f - 2 meat rations
 g - 2 chunks of flesh
 n - 2 beef jerkies
 p - a slice of pizza


   Skills:
 + Level 3.2 Fighting
 + Level 3.8 Dodging
 + Level 1.2 Stealth
 + Level 6.4 Unarmed Combat


You had 5 spell levels left.
You didn't know any spells.

Dungeon Overview and Level Annotations

Branches:
Dungeon (4/15)
 Temple: D:4-7

Altars:
Qazlal
The Shining One

Annotations:
D:4 HopefulHyena's ghost, amateur MiFi


Innate Abilities, Weirdness & Mutations

You are too large for most types of armour.
You have claws for hands.
Your metabolism is lightning-fast.
You like to eat raw meat.
Your natural rate of healing is unusually fast.
You are covered in fur. (AC +1)
You have very tough skin. (AC +2)


Message History

You scratch the iguana.
The iguana is lightly wounded.
The iguana bites you!
* * * LOW HITPOINT WARNING * * *
You are too injured to fight recklessly!
You are too injured to fight recklessly!
You are too injured to fight recklessly!
You are too injured to fight recklessly!
You closely miss the iguana.
The iguana is lightly wounded.
The iguana bites you!
* * * LOW HITPOINT WARNING * * *
You barely miss the iguana.
The iguana is lightly wounded.
The iguana bites you but does no damage.
You scratch the iguana but do no damage.
The iguana is lightly wounded.
The iguana closely misses you. The iguana bites you!
You die...

#...#####.)##.##.# #.###.
##..#####..##.##.###### #...#.
..#..........#.......[########.#.
.##.#####...#.##.####.#...)..<.(.
.##.#####........# #.#.##.......
.##.....).....#### #.#.###.##...
###.#...........# #.#.# #.##.##
#.#...#..####l#####.#.###.##.#
#.#...#).# #>@......)[##.##.#
#.#...#..# #######....).....#
##.#...#).# #....##.#..#
##.........# #....##.#..#
...........# #..........#
##.........##########....##.#.##
###......................##.#.###
....#...#.############..<........
###..............#####..##..#.###


You could see an iguana.

Vanquished Creatures
  Sigmund (D:4)
  Edmund (D:4)
  A hound (D:4)
  Robin (D:3)
  A howler monkey skeleton (D:4)
  4 gnolls (D:4)
  5 adders
  An ooze (D:1)
  3 worms
  A dart slug (D:1)
  3 leopard geckos
  2 orcs (D:3)
  A giant cockroach (D:2)
  13 goblins
  11 hobgoblins
  16 jackals
  5 kobolds
  A quokka (D:2)
  8 bats
  6 frilled lizards
  A jackal skeleton (D:4)
  10 rats
96 creatures vanquished.

Notes
Turn   | Place    | Note
-------+----------+-------------------------------------------
     0 | D:1      | galech the Troll Monk began the quest for the Orb.
     0 | D:1      | Reached XP level 1. HP: 22/22 MP: 0/0
   136 | D:1      | Reached XP level 2. HP: 26/29 MP: 1/1
   504 | D:2      | Reached XP level 3. HP: 36/36 MP: 2/2
   800 | D:2      | Reached XP level 4. HP: 41/44 MP: 3/3
  1038 | D:3      | Reached skill level 4 in Unarmed Combat
  1119 | D:3      | Found a stormy altar of Qazlal.
  1233 | D:3      | Found a glowing golden altar of the Shining One.
  1563 | D:3      | Noticed Robin
  1696 | D:3      | Killed Robin
  1696 | D:3      | Reached XP level 5. HP: 53/53 MP: 4/4
  1767 | D:4      | Noticed Sigmund
  1780 | D:4      | Killed Sigmund
  1780 | D:4      | Reached skill level 5 in Unarmed Combat
  1780 | D:4      | Reached XP level 6. HP: 53/61 MP: 5/5
  1887 | D:4      | Noticed Edmund
  1897 | D:4      | Killed Edmund
  1897 | D:4      | Reached skill level 6 in Unarmed Combat
  2037 | D:4      | Noticed HopefulHyena's ghost (amateur MiFi)
  2184 | D:3      | HP: 3/61 [iguana (10)]
  2187 | D:3      | Mangled by an iguana

Skill      XL: |  1  2  3  4  5  6 |
---------------+-------------------+-----
Dodging        | 3 |  3.8
Unarmed Combat | 4 5 6 |  6.4
Fighting       | 3 |  3.2
Stealth        | |  1.2

Action                   |  1- 3 |  4- 6 || total
-------------------------+-------+-------++-------
Melee: Unarmed           |   133 |   145 ||   278
       Punch             |     3 |     5 ||     8
  Eat: Chunk             |    13 |    11 ||    24
Armor: Robe              |    62 |    39 ||   101
Dodge: Dodged            |    87 |    85 ||   172
